 Dungeon Crawl Stone Soup version 0.24.1 (webtiles) character file.

Game seed: 10846524149917152970, levelgen mode: deterministic

270 Destapler the Shield-Bearer (level 6, -3/49 HPs)
             Began as a Formicid Fighter on Mar 27, 2020.
             Slain by an orc (4 damage)
             ... on level 4 of the Dungeon.
             The game lasted 00:08:51 (3079 turns).

Destapler the Shield-Bearer (Formicid Fighter)      Turns: 3079, Time: 00:08:52

Health: -3/49      AC:  7    Str: 22 (23) XL:     6   Next: 46%
Magic:  6/6        EV:  8    Int:  6 (7)  God:
Gold:   100        SH:  9    Dex:  8 (10) Spells: 5/5 levels left

rFire    . . .     SeeInvis +   a - +0 long sword
rCold    . . .     Gourm    .   c - +0 shield
rNeg     . . .     Faith    .   b - +0 scale mail
rPois    .         Spirit   .   (helmet unavailable)
rElec    .         Reflect  .   (no cloak)
rCorr    .         Harm     .   (no gloves)
MR       .....                  (no boots)
Stlth    ..........             (no amulet)
HPRegen  0.16/turn              (no ring)
MPRegen  0.10/turn              (no ring)

@: no status effects
A: permanent stasis, dig shafts and tunnels, four strong arms, antennae 3
a: Dig, Shaft Self


You were on level 4 of the Dungeon.
You were very hungry.

You visited 1 branch of the dungeon, and saw 4 of its levels.

You collected 100 gold pieces.

Inventory:

Hand Weapons
 a - a +0 long sword (weapon)
Missiles
 i - 5 silver javelins (quivered)
 l - 46 stones
 q - 4 poisoned darts
Armour
 b - a +0 scale mail (worn)
 c - a +0 shield (worn)
Scrolls
 h - 7 scrolls of remove curse {unknown}
 j - 4 scrolls of teleportation {unknown}
 m - a scroll of fear {unknown}
 n - a scroll of identify {unknown}
 o - a scroll of enchant armour {unknown}
 p - a scroll of amnesia {unknown}
Potions
 d - a potion of might
Comestibles
 f - 6 rations


   Skills:
 + Level 4.6 Fighting
 + Level 3.5 Long Blades
 + Level 4.6 Armour
 + Level 5.1 Shields


You had 5 spell levels left.
You didn't know any spells.
Your spell library was empty.

Dungeon Overview and Level Annotations

Branches:
Dungeon (4/15)
 Temple: D:4-7

Altars:
Sif Muna
Vehumet
Zin

Shops:
D:4 ?


Innate Abilities, Weirdness & Mutations

You cannot be hasted, slowed, berserked, paralysed or teleported.
You can dig through walls and to a lower floor.
Your four strong arms can wield two-handed weapons with a shield.
You have a pair of large antennae on your head. (SInv)


Message History

The orc wizard gestures wildly while chanting.
The orc wizard blinks!
The orc grunts noisily.
You feel sick. You block the orc's attack. The adder bites you.
* * * LOW HITPOINT WARNING * * *
It was a potion of degeneration.
There was something very wrong with that liquid.
You feel weakened.
You feel dopey.
You feel clumsy. The adder bites you.
* * * LOW HITPOINT WARNING * * *
It was a potion of curing.
You feel better. The adder bites you but does no damage.
You block the orc's attack. The orc hits you with a +0 falchion.
* * * LOW HITPOINT WARNING * * *
The adder bites you.
* * * LOW HITPOINT WARNING * * *
The worker ant barely misses you.
You riposte.
You hit the worker ant.
The worker ant is moderately wounded.
You barely miss the orc. The orc hits you.
You die...

###########
#.........#
#.#######.############
##....# #.#..........#
...##.# #.#..[.......#
#####.#
#.#..........######
#.#
#......oSo.........
#.#
###....@oo?.)......
#.# #?...a#.###......
#.# #.∩...l.# .....
##.######..?.##.# ....
#.....(......##.# ...
##.[.#######.###'# ..
#<........ ..# .>. .
##...#......# ...
#...#.....


You could see a worker ant, an adder, 4 orcs and a frilled lizard.

Vanquished Creatures
  An ogre (D:3)
  An orc priest (D:3)
  A worker ant (D:4)
  7 adders
  A dart slug (D:4)
  4 worms
  A leopard gecko (D:1)
  5 orcs
  3 giant cockroaches
  5 goblins
  6 hobgoblins
  6 kobolds
  2 quokkas (D:3)
  5 bats
  3 frilled lizards (D:1)
  8 rats
59 creatures vanquished.

Vanquished Creatures (others)
  An orc (D:4)
1 creature vanquished.

Grand Total: 60 creatures vanquished

Notes
Turn   | Place    | Note
-------+----------+-------------------------------------------
     0 | D:1      | Destapler the Formicid Fighter began the quest for the Orb.
     0 | D:1      | Reached XP level 1. HP: 18/18 MP: 1/1
   183 | D:1      | Reached XP level 2. HP: 24/24 MP: 2/2
   904 | D:2      | Reached skill level 4 in Shields
   904 | D:2      | Reached XP level 3. HP: 27/30 MP: 3/3
  1201 | D:2      | Reached XP level 4. HP: 12/37 MP: 4/4
  1835 | D:2      | Found a shimmering blue altar of Sif Muna.
  2249 | D:3      | Reached XP level 5. HP: 41/42 MP: 5/5
  2384 | D:3      | Noticed an ogre
  2390 | D:3      | Killed an ogre
  2390 | D:3      | Reached XP level 6. HP: 49/49 MP: 6/6
  2582 | D:3      | Found a radiant altar of Vehumet.
  2592 | D:3      | Reached skill level 5 in Shields
  2645 | D:3      | Found a glowing silver altar of Zin.
  2646 | D:3      | Noticed an angel
  3045 | D:4      | Found Xetuy's Magic Scroll Shop.
  3075 | D:4      | HP: 2/49 [adder (2)]
  3079 | D:4      | Slain by an orc

Levels and vault maps discovered:
D:1:      minmay_arrival_doors, layout_basic
D:2:      layout_loops_corners, led_sif_pool
D:3:      layout_loops_corners, zin_angel, vehumet_crystals, first_ration
D:4:      layout_basic, kennysheep_mini_moat, minmay_temple_entry_glass,
          serial_shops, shop_scrolls

Skill      XL: |  1  2  3  4  5  6 |
---------------+-------------------+-----
Shields        | 4 5 |  5.1
Armour         | 4 |  4.6
Fighting       | 4 |  4.6
Long Blades    | 3 |  3.5

Action                   |  1- 3 |  4- 6 || total
-------------------------+-------+-------++-------
Melee: Long sword        |   104 |   115 ||   219
  Use: Potion            |       |     2 ||     2
  Eat: Chunk             |     1 |     5 ||     6
Armor: Scale mail        |    39 |    58 ||    97
Dodge: Dodged            |    30 |    39 ||    69
Block: Shield            |    51 |    84 ||   135
       Rpst.: Long sword |     6 |    12 ||    18
